 Dungeon Crawl Stone Soup version 0.27-a0-676-gc1da3516c2 (webtiles) character file.

Game seed: 14420864954689956532

917 Aapotti the Conjurer (level 7, -2/59 HPs)
             Began as a Demigod Hedge Wizard on Mar 18, 2021.
             Slain by Menkaure (14 damage)
             ... on level 4 of the Dungeon.
             The game lasted 00:25:53 (6343 turns).

Aapotti the Conjurer (Demigod Hedge Wizard)         Turns: 6343, Time: 00:25:53

Health: -2/59      AC:  8    Str: 21    XL:     7   Next: 53%
Magic:  17/17      EV: 12    Int: 20    God:
Gold:   256        SH:  0    Dex: 13    Spells: 6/15 levels left

rFire    . . .     SeeInvis +   a - +3 dagger (venom)
rCold    . . .     Faith    .   (no shield)
rNeg     . . .     Spirit   .   m - +1 animal skin
rPois    +         Reflect  .   n - +1 helmet
rElec    .         Harm     .   d - +1 cloak {rPois}
rCorr    .         Rampage  .   (no gloves)
Will     .....                  j - +0 pair of boots
Stlth    ++........             (no amulet)
HPRegen  0.19/turn              i - ring of see invisible
MPRegen  0.15/turn              k - +6 ring of strength

@: no status effects
A: high mp 1, forlorn
a: no special abilities


You were on level 4 of the Dungeon.
You visited 1 branch of the dungeon, and saw 4 of its levels.

You collected 256 gold pieces.

Inventory:

Hand Weapons
 a - a +3 dagger of venom (weapon)
 x - a +0 scimitar
Missiles
 h - 9 poisoned darts
Armour
 d - a +1 cloak of poison resistance (worn)
 j - a +0 pair of boots (worn)
 m - a +1 animal skin (worn)
 n - a +1 helmet (worn)
Magical Staves
 b - a staff of death
 s - a staff of fire
Jewellery
 i - a ring of see invisible (right hand)
 k - a +6 ring of strength (left hand)
Wands
 q - a wand of polymorph (6)
 u - a wand of charming (8)
 v - a wand of iceblast (9)
Scrolls
 c - a scroll of immolation {unknown}
 e - a scroll of acquirement {unknown}
 f - a scroll of teleportation {unknown}
 g - 4 scrolls of identify {unknown}
 o - 2 scrolls of silence {unknown}
 p - a scroll of magic mapping {unknown}
 r - a scroll of enchant armour {unknown}
 t - a scroll of noise {unknown}
 w - a scroll of random uselessness {unknown}


   Skills:
 + Level 4.2 Fighting
 - Level 2.0 Short Blades
 - Level 2.0 Dodging
 - Level 1.7 Stealth
 + Level 4.6 Spellcasting
 + Level 4.7 Conjurations
 - Level 0.8 Summonings
 - Level 0.8 Translocations


You had 6 spell levels left.
You knew the following spells:

 Your Spells              Type           Power      Damage    Failure   Level
a - Magic Dart            Conj           92%        1d7       1%          1
b - Mephitic Cloud        Conj/Pois/Air  11%        N/A       19%         3
c - Blink                 Tloc           N/A        N/A       13%         2
d - Conjure Flame         Conj/Fire      14%        6-21      14%         3

Your spell library contained the following spells:

 Spells                   Type           Power      Damage    Failure   Level
 Call Imp                 Summ           8%         N/A       13%         2
 Slow                     Hex            4%         N/A       19%         2


Dungeon Overview and Level Annotations

Branches:
Dungeon (4/15)
 Temple: D:4-7

Annotations:
D:2 Sigmund
D:4 Menkaure


Innate Abilities, Weirdness & Mutations

Your attributes grow dramatically as you level up.
You have an increased reservoir of magic. (+10% MP)
You shall have no god before yourself.


Message History

Menkaure is moderately damaged.
Menkaure completely misses you.
You hit Menkaure.
Menkaure is heavily damaged.
Menkaure hits you.
You hit Menkaure.
Menkaure is heavily damaged.
Menkaure blazes with dark energy!
Menkaure barely misses you.
You hit Menkaure.
Menkaure is severely damaged.
Menkaure barely misses you.
You hit Menkaure.
Menkaure is severely damaged.
Menkaure points at you and mumbles some strange words.
Pain shoots through your body! Menkaure closely misses you.
You hit Menkaure but do no damage.
Menkaure is severely damaged.
Menkaure hits you!
You hit Menkaure but do no damage.
Menkaure is severely damaged.
Menkaure hits you!!
You closely miss Menkaure.
Menkaure is severely damaged.
Menkaure hits you!
* * * LOW HITPOINT WARNING * * *
You hit Menkaure.
Menkaure is severely damaged.
Menkaure closely misses you.
You aren't carrying any potions.
Casting: Mephitic Cloud (dangerous; 19% risk of failure)
Confirm with . or Enter, or press ? or * to list all spells.
Okay, then.
You hit Menkaure.
Menkaure is almost destroyed.
Menkaure barely misses you.
You closely miss Menkaure.
Menkaure is almost destroyed.
Menkaure hits you!
You die...

#.#>...................# ###
####.##..###).#.#..##.##### ##.##
...##...####.......##.# ##...#
##.####......)........######.....
#.###########...#####o..........
#.##.....# #..># #.###.#.....
#.##.....# #...# #..........#
#........# #...#####..#.##.).#.
##........####..@##.......##..##.
#...#............M......#.##..##.
....##..................#.##...^.
#..<##..................#.##.###.
######.#######...##.##.......# #.
#.# #...##.......#### #. ######.#
#...########.# ## #(.....# #...#
#.. #.###### #...# ### ####


You could see Menkaure (fast).

Vanquished Creatures
  Grinder (D:3)
  Eustachio (D:4)
  2 ogres (D:4)
  A scorpion (D:4)
  A hound (D:4)
  Crazy Yiuf (D:4)
  Ijyb (D:4)
  Terence (D:2)
  2 orc wizards
  2 worker ants (D:4)
  Robin (D:3)
  A gnoll (D:1)
  6 adders
  2 oozes
  A worm (D:2)
  2 dart slugs
  2 leopard geckos
  6 orcs (D:4)
  3 ball pythons (D:1)
  4 bats
  5 giant cockroaches
  16 goblins
  6 hobgoblins
  2 jackals (D:2)
  2 quokkas (D:2)
  3 frilled lizards
  6 kobolds
  A quokka skeleton (D:4)
  7 rats
89 creatures vanquished.

Notes
Turn   | Place    | Note
-------+----------+-------------------------------------------
     0 | D:1      | Aapotti the Demigod Hedge Wizard began the quest for the
                  | Orb.
     0 | D:1      | Reached XP level 1. HP: 14/14 MP: 6/6
   390 | D:1      | Reached XP level 2. HP: 20/20 MP: 6/8
   390 | D:1      | You fall into a shaft and drop 1 floor!
   795 | D:2      | Reached skill level 1 in Conjurations
   795 | D:2      | Reached XP level 3. HP: 26/26 MP: 1/10
  1058 | D:2      | Noticed Terence
  1096 | D:1      | Learned a level 3 spell: Mephitic Cloud
  1273 | D:1      | HP: 1/26 [gnoll (4)]
  1945 | D:1      | Learned a level 2 spell: Blink
  1949 | D:1      | Learned a level 3 spell: Conjure Flame
  2476 | D:2      | Reached XP level 4. HP: 33/33 MP: 9/13
  2482 | D:2      | Noticed Sigmund
  2893 | D:2      | HP: 1/33 [Terence/+0 mace (7)]
  3242 | D:2      | Killed Terence
  3243 | D:2      | Reached skill level 1 in Short Blades
  3625 | D:3      | Reached skill level 1 in Fighting
  3936 | D:3      | Noticed Robin
  4167 | D:4      | Reached XP level 5. HP: 20/40 MP: 14/14
  4324 | D:3      | Killed Robin
  4579 | D:3      | Noticed Grinder
  4579 | D:3      | Paralysed by Grinder for 3 turns
  4596 | D:3      | Killed Grinder
  4597 | D:3      | Reached XP level 6. HP: 49/49 MP: 15/15
  4821 | D:4      | Found a runed translucent door.
  4822 | D:4      | Noticed Crazy Yiuf
  4893 | D:4      | Killed Crazy Yiuf
  5529 | D:4      | Reached XP level 7. HP: 55/58 MP: 1/16
  5537 | D:4      | Noticed Ijyb
  5546 | D:4      | Killed Ijyb
  5738 | D:4      | Noticed Menkaure
  6091 | D:4      | Noticed Eustachio
  6100 | D:4      | Killed Eustachio
  6343 | D:4      | Slain by Menkaure

Illustrated notes

Levels and vault maps discovered:
D:1:      dpeg_arrival_rhombi, layout_basic, serial_curves, eino_curves_02,
          eino_curves_02, minivault_26, minmay_indecisive_spiral
D:2:      layout_rooms, dk_noncrumbling_3, uniq_terence, uniq_sigmund
D:3:      layout_loops_ring, lightli_temple_of_fire,
          grunt_temple_overflow_opulence, uniq_grinder, uniq_robin
D:4:      layout_loops_cross, uniq_menkaure, uniq_ijyb, uniq_eustachio,
          uniq_crazy_yiuf_cottage

Skill      XL: |  1  2  3  4  5  6  7 |
---------------+----------------------+-----
Spellcasting   | 3 4 |  4.6
Conjurations   | 1 2 3 4 |  4.7
Dodging        | 2 |  2.0
Short Blades   | 1 2 |  2.0
Fighting       | 1 2 3 4 |  4.2
Stealth        | |  1.7
Summonings     | |  0.8
Translocations | |  0.8

Action                   |  1- 3 |  4- 6 |  7- 9 || total
-------------------------+-------+-------+-------++-------
Melee: Dagger            |    39 |   120 |    46 ||   205
       Unarmed           |       |     7 |       ||     7
Throw: Dart              |       |    15 |       ||    15
 Cast: Magic Dart        |   107 |    33 |     5 ||   145
       Mephitic Cloud    |     1 |     1 |     2 ||     4
       Conjure Flame     |       |     4 |       ||     4
       Blink             |       |     1 |     3 ||     4
  Use: Scroll            |       |     1 |       ||     1
       Potion            |       |     2 |     1 ||     3
 Stab: Sleeping          |       |     3 |       ||     3
       Confused          |       |     1 |     3 ||     4
       Distracted        |       |     1 |       ||     1
       Invisible         |       |     2 |       ||     2
Armor: Robe              |    10 |    11 |       ||    21
       Animal skin       |       |     1 |    13 ||    14
Dodge: Dodged            |    40 |    69 |    21 ||   130

Table legend: (Time is in decaauts)
 A = Elapsed time spent in this place.
 B = Non-inter-level travel time spent in this place.
 C = Inter-level travel time spent in this place.
 D = Time resting spent in this place.
 E = Time spent auto-exploring this place.
 F = Levels seen in this place.
 G = Mean time per level.
                   A        B        C        D        E       F      G
               +--------+--------+--------+--------+--------+-----+--------+
         Total |   6334 |   6253 |     81 |   2697 |   2001 |   4 | 1583.5 |
       Dungeon |   6334 |   6253 |     81 |   2697 |   2001 |   4 | 1583.5 |
               +--------+--------+--------+--------+--------+-----+--------+

Top non-repeatable levels by time:
     D:1: 1873 daAuts
     D:4: 1558 daAuts
     D:2: 1506 daAuts
     D:3: 1397 daAuts
